 Seeded DCSS version 0.31-a0-210-gccc998df9b (webtiles) character file.

Game seed: 8113056780134302019 (custom seed)

3089 innerfire43 the Cleaver (level 9, -4/74 HPs)
             Began as a Demonspawn Monk on June 30, 2023.
             Was a Believer of Uskayaw.
             Slain by an orc knight
             ... wielding a +0 trident
              (14 damage)
             ... in a bailey.
             The game lasted 00:10:50 (5379 turns).

innerfire43 the Cleaver (Demonspawn Monk)           Turns: 5379, Time: 00:10:51

Health: -4/74      AC:  8    Str: 15    XL:     9   Next: 59%
Magic:  9/9        EV: 16    Int: 11    God:    Uskayaw [**....]
Gold:   147        SH:  0    Dex: 21    Spells: 8/8 levels left

rFire   + . .        l - +5 broad axe (elec)
rCold   . . .        d - orb {light}
rNeg    . . .        v - +1 robe {Will+}
rPois   +            h - +0 helmet
rElec   .            s - +0 cloak
rCorr   .            (no gloves)
SInv    +            y - +0 pair of boots
Will    +....        f - amulet "Ihaph" {Acrobat rPois Dex+4}
Stlth   +            o - ring of protection from fire
HPRegen 3.32/turn    e - ring of see invisible
MPRegen 0.11/turn

%: acrobat
@: glowing
A: thin metallic scales 1, demonic guardian 1, powered by death 1, demonic touch
2
a: Renounce Religion, Stomp, Line Pass


You were in a bailey.
You worshipped Uskayaw.
Uskayaw was noncommittal.
You visited 2 branches of the dungeon, and saw 8 of its levels.
You also visited: Bailey.

You collected 317 gold pieces.
You spent 170 gold pieces at shops.

Inventory:

Hand Weapons
 a - a +0 hand axe
 l - a +5 broad axe of electrocution (weapon)
Armour
 b - a +0 robe
 d - an orb of light (worn)
 h - a +0 helmet (worn)
 s - a +0 cloak (worn)
 v - a +1 robe of willpower (worn)
 w - a +0 tower shield
 y - a +0 pair of boots (worn)
Jewellery
 e - a ring of see invisible (right hand)
 f - the amulet "Ihaph" (around neck) {Acrobat rPois Dex+4}
   (You acquired it on level 1 of the Dungeon)

   [amulet of the acrobat]

   It increases your evasion while moving and waiting.
   Dex:       It affects your dexterity (+4).
   rPois:     It protects you from poison.
 o - a ring of protection from fire (left hand)
 p - a ring of ice
 C - a +6 ring of intelligence
 D - a ring of positive energy
Scrolls
 g - 3 scrolls of vulnerability
 i - 3 scrolls of fog
 j - 5 scrolls of teleportation
 k - a scroll of amnesia {unknown}
 m - 2 scrolls of blinking {unknown}
 q - a scroll of torment {unknown}
 t - a scroll of fear {unknown}
 B - a scroll of revelation {unknown}
Potions
 c - a potion of ambrosia
 n - a potion of degeneration {unknown}
 r - a potion of attraction
 u - a potion of enlightenment
 x - 4 potions of resistance {unknown}
 z - 2 potions of haste
 E - a potion of curing {unknown}
 F - a potion of lignification {unknown}
 G - 2 potions of cancellation {unknown}
 H - 3 potions of might {unknown}
 I - a potion of brilliance {unknown}
 J - 2 potions of invisibility {unknown}


   Skills:
 + Level 8.1 Fighting
 * Level 9.1 Axes
 - Level 6.2 Dodging


You had 8 spell levels left.
You didn't know any spells.
Your spell library contained the following spells:

 Spells                   Type           Power      Damage    Failure   Level
 Slow                     Hex            0%         N/A       34%         1
 Ensorcelled Hibernation  Hex/Ice        0%         N/A       47%         2
 Poisonous Vapours        Pois/Air       0%         N/A       47%         2
 Confusing Touch          Hex            0%         N/A       71%         3
 Mephitic Cloud           Conj/Pois/Air  0%         N/A       71%         3
 Spider Form              Tmut/Pois      0%         N/A       71%         3
 Vampiric Draining        Necr           0%         2d6       71%         3
 Anguish                  Hex/Necr       0%         N/A       98%         4
 Freezing Cloud           Conj/Ice/Air   0%         6-21      100%        5


Dungeon Overview and Level Annotations

Branches:
Dungeon (7/15)             Temple (1/1) D:6          Bailey (1/1)

Altars:
Hepliaklqana
Kikubaaqudgha
Qazlal
Trog
Uskayaw
Vehumet

Shops:
D:1 ?


Innate Abilities, Weirdness & Mutations

You are partially covered in thin metallic scales. (AC +2)
A weak demonic guardian rushes to your aid.
You regenerate a little health from kills.
Your touch may inflict irresistible damage on your foes.


Message History

The orc warrior barely misses you.
You slash the orc warrior!
Lightning courses through the orc warrior!
The orc warrior is severely wounded.
The orc warrior hits you with a +0 glaive!!
A demonic guardian appears!
You can now pass through a line of other dancers.
You hit the orc warrior.
The orc warrior is almost dead.
The orc warrior hits you with a +0 glaive!
You hit the orc warrior but do no damage.
The orc warrior is almost dead.
You feel yourself slow down.
Your shadow imp hits the orc warrior but does no damage.
The orc knight hits you from afar with a +0 halberd!
The orc warrior hits your shadow imp with a +0 glaive!
Your shadow imp dies!
Your shadow imp disappears in a puff of smoke!
The orc knight hits you from afar with a +0 trident!!
* * * LOW HITPOINT WARNING * * *
The orc warrior shouts!
You feel much better. The orc warrior barely misses you.
The orc knight hits you from afar with a +0 halberd.
The orc knight hits you from afar with a +0 trident!!
* * * LOW HITPOINT WARNING * * *
The orc warrior completely misses you.
The orc knight hits you with a +0 halberd.
* * * LOW HITPOINT WARNING * * *
The orc knight misses you.
You feel much better.
The orc warrior hits you with a +0 glaive!
The orc knight hits you with a +0 halberd!
* * * LOW HITPOINT WARNING * * *
The orc knight hits you with a +0 trident!
* * * LOW HITPOINT WARNING * * *
You closely miss the orc knight. You slash the orc warrior!
You kill the orc warrior!
You slash the orc knight! The orc knight misses you.
The orc knight hits you with a +0 trident!
You die...

#.)))...#
#.......#
#.......#
##.....##
#'''''#
##.....##
#.......#
#....)..#
#..)@...#
#..oo...#
#.......#
#.......#
#..???..#
#..???..#
#..?.?..#
#.......#


You could see 2 orc knights.

Vanquished Creatures
  Grinder (D:3)
  Sigmund (D:6)
  A water moccasin (D:5)
  2 black bears
  6 orc warriors (Bailey)
  2 ice beasts
  A sky beast (D:6)
  2 ogres (D:5)
  A gnoll sergeant (D:6)
  A scorpion (D:6)
  13 wights
  3 howler monkeys
  2 hounds
  A jelly (D:5)
  8 iguanas
  8 gnolls
  10 adders
  A shadow imp (D:7)
  A white imp (D:6)
  An ufetubus (D:5)
  3 worms
  4 dart slugs
  26 orcs
  10 bats
  6 endoplasms
  5 giant cockroaches
  10 goblins
  A hobgoblin (D:3)
  6 kobolds
  2 quokkas
  9 ball pythons
  A frilled lizard (D:3)
  3 rats
152 creatures vanquished.

Vanquished Creatures (collateral kills)
  An orc (Bailey)
  A goblin (D:7)
2 creatures vanquished.

Grand Total: 154 creatures vanquished

Notes
Turn   | Place    | Note
-------+----------+-------------------------------------------
     0 | D:1      | innerfire43 the Demonspawn Monk began the quest for the
                  | Orb.
     0 | D:1      | Reached XP level 1. HP: 18/18 MP: 1/1
    68 | D:1      | Found Ponycs's Magic Scroll Shop.
   141 | D:1      | Gained mutation: Your touch may inflict minor irresistible
                  | damage on your foes. [demonic ancestry]
   141 | D:1      | Reached XP level 2. HP: 24/24 MP: 2/2
   187 | D:1      | Reached skill level 3 in Axes
   364 | D:1      | Reached XP level 3. HP: 18/29 MP: 3/3
   602 | D:1      | Identified a scroll of acquirement
   602 | D:1      | Acquired the amulet "Ihaph" {Acrobat rPois Dex+4}
   716 | D:2      | Gained mutation: You are partially covered in thin metallic
                  | scales. (AC +2) [demonic ancestry]
   716 | D:2      | Reached XP level 4. HP: 23/37 MP: 4/4
  1443 | D:3      | Noticed Grinder
  1452 | D:3      | Paralysed by Grinder for 3 turns
  1490 | D:3      | Killed Grinder
  1491 | D:3      | Reached skill level 4 in Axes
  1491 | D:3      | Gained mutation: Your touch may inflict irresistible damage
                  | on your foes. [demonic ancestry]
  1491 | D:3      | Reached XP level 5. HP: 29/43 MP: 5/5
  1491 | D:3      | Reached XP level 6. HP: 33/49 MP: 6/6
  2017 | D:3      | Acquired a +3 broad axe of electrocution
  2367 | D:4      | Reached skill level 5 in Dodging
  2605 | D:4      | Found an ancient bone altar of Kikubaaqudgha.
  3308 | D:5      | Entered Level 5 of the Dungeon
  3309 | D:5      | Noticed a water moccasin
  3317 | D:5      | Killed a water moccasin
  3318 | D:5      | Gained mutation: A weak demonic guardian rushes to your
                  | aid. [demonic ancestry]
  3318 | D:5      | Reached XP level 7. HP: 51/55 MP: 7/7
  3383 | D:5      | Reached skill level 5 in Fighting
  3545 | D:5      | Reached skill level 5 in Axes
  3549 | D:5      | Found a hazy altar of Hepliaklqana.
  3681 | D:5      | Gained mutation: You regenerate a little health from kills.
                  | [demonic ancestry]
  3681 | D:5      | Reached XP level 8. HP: 62/64 MP: 8/8
  3787 | D:5      | Reached skill level 6 in Axes
  4106 | D:1      | Bought a scroll of identify for 22 gold pieces
  4106 | D:1      | Bought a scroll of identify for 22 gold pieces
  4106 | D:1      | Bought a scroll of enchant weapon for 82 gold pieces
  4106 | D:1      | Bought a scroll of identify for 22 gold pieces
  4106 | D:1      | Bought a scroll of identify for 22 gold pieces
  4325 | D:6      | Found a radiant altar of Vehumet.
  4478 | D:6      | Noticed Sigmund
  4487 | D:6      | Killed Sigmund
  4488 | D:6      | Reached skill level 7 in Axes
  4598 | D:6      | Found a staircase to the Ecumenical Temple.
  4602 | D:6      | Reached XP level 9. HP: 69/72 MP: 9/9
  4728 | D:6      | Reached skill level 8 in Axes
  4795 | Temple   | Entered the Ecumenical Temple
  4823 | Temple   | Became a worshipper of Uskayaw the Reveller
  4823 | Temple   | Reached * piety under Uskayaw
  5115 | D:7      | Found a flagged portal.
  5124 | D:7      | Reached ** piety under Uskayaw
  5125 | D:7      | Reached *** piety under Uskayaw
  5133 | D:7      | Reached **** piety under Uskayaw
  5136 | D:7      | Reached ***** piety under Uskayaw
  5149 | D:7      | Reached ****** piety under Uskayaw
  5220 | Bailey   | Entered a bailey
  5354 | Bailey   | Reached skill level 9 in Axes
  5367 | Bailey   | Noticed an orc knight
  5368 | Bailey   | Noticed an orc knight
  5379 | Bailey   | Slain by an orc knight

Illustrated notes

Levels and vault maps discovered:
D:1:      roderic_crossed_star, layout_rooms, serial_shops, nicolae_diamond_shop
D:2:      layout_loops_cross
D:3:      layout_basic, uniq_grinder
D:4:      layout_basic, zin_academy, kennysheep_mini
D:5:      layout_basic, kennysheep_mini_moat, grunt_decor_one_mirror,
          kennysheep_generic_room_9
D:6:      layout_loops_ring, vehumet_crystals, minmay_temple_entry_stoned_glass,
          uniq_sigmund
D:7:      layout_rooms, evilmike_ruin_ashenzari, lemuel_coloured_pillars_altar,
          enter_bailey_5
Temple:   bh_familiar_temple
Bailey:   bailey_polearm_5, bailey

Skill      XL: |  1  2  3  4  5  6  7  8  9 |
---------------+----------------------------+-----
Axes           | 3 4 5 7 9 |  9.1
Dodging        | 3 4 5 6 |  6.2
Fighting       | 4 5 7 8 |  8.1

Action                     |  1- 3 |  4- 6 |  7- 9 || total
---------------------------+-------+-------+-------++-------
  Melee: Hand axe          |    75 |   138 |       ||   213
         Broad axe         |       |    23 |   174 ||   197
    Use: Scroll            |     1 |     1 |     8 ||    10
         Potion            |       |     3 |     4 ||     7
   Stab: Sleeping          |       |     1 |       ||     1
         Paralysed         |       |       |     5 ||     5
 Armour: Robe              |    14 |    24 |    57 ||    95
  Dodge: Dodged            |    60 |   138 |   239 ||   437

Table legend: (Time is in decaauts)
 A = Elapsed time spent in this place.
 B = Non-inter-level travel time spent in this place.
 C = Inter-level travel time spent in this place.
 D = Time resting spent in this place.
 E = Time spent auto-exploring this place.
 F = Levels seen in this place.
 G = Mean time per level.
                   A        B        C        D        E       F      G
               +--------+--------+--------+--------+--------+-----+--------+
         Total |   5449 |   4690 |    759 |      0 |   3636 |   9 |  605.4 |
       Dungeon |   5253 |   4510 |    743 |      0 |   3538 |   7 |  750.4 |
        Temple |     45 |     29 |     16 |      0 |     23 |   1 |   45.0 |
        Bailey |    149 |    149 |      0 |      0 |     75 |   1 |  149.0 |
               +--------+--------+--------+--------+--------+-----+--------+

Top non-repeatable levels by time:
     D:4: 1239 daAuts
     D:2: 840 daAuts
     D:6: 805 daAuts
     D:3: 785 daAuts
     D:5: 738 daAuts
     D:1: 733 daAuts
  Bailey: 149 daAuts
     D:7: 111 daAuts
  Temple: 45 daAuts
